 Dungeon Crawl Stone Soup version 0.21-a0-509-gecc5317 (webtiles) character file.

29 tof the Skirmisher (level 3, -9/29 HPs)
             Began as a Demonspawn Monk on Nov 29, 2017.
             Killed by nerve-wracking pain
             ... invoked by a shadow imp
              (14 damage)
             ... on level 2 of the Dungeon.
             The game lasted 00:00:50 (1027 turns).

tof the Skirmisher (Demonspawn Monk)                Turns: 1027, Time: 00:00:51

Health: -9/29      AC:  2    Str: 11    XL:     3   Next: 1%
Magic:  3/3        EV: 13    Int: 11    God:
Gold:   21         SH:  0    Dex: 16    Spells: 2/2 levels left

rFire    . . .     SeeInvis .   d - +0 dagger (curse)
rCold    . . .     Gourm    .   (no shield)
rNeg     . . .     Faith    .   b - +0 robe
rPois    .         Spirit   .   (no helmet)
rElec    .         Reflect  .   (no cloak)
rCorr    .         Harm     .   (no gloves)
MR       .....                  (no boots)
Stlth    ++........             (no amulet)
HPRegen  0.09/turn              (no ring)
MPRegen  0.08/turn              (no ring)

@: lethally poisoned (-9 -> -11)
A: hooves 1
a: no special abilities


You were on level 2 of the Dungeon.
You were not hungry.

You visited 1 branch of the dungeon, and saw 2 of its levels.

You collected 21 gold pieces.

Inventory:

Hand Weapons
 a - a +0 falchion
 d - a cursed +0 dagger (weapon)
Armour
 b - a +0 robe (worn)
Scrolls
 e - a scroll of immolation {unknown}
Comestibles
 c - a bread ration
 f - 3 chunks of flesh


   Skills:
 + Level 3.2 Fighting
 * Level 3.2 Long Blades
 + Level 2.9 Dodging
 + Level 2.2 Stealth


You had 2 spell levels left.
You didn't know any spells.

Dungeon Overview and Level Annotations

Branches:
Dungeon (1/15)

Altars:


Innate Abilities, Weirdness & Mutations

You have large cloven feet.


Message History

Your kick misses the shadow imp.
The shadow imp is heavily wounded.
The shadow imp hits you.
You hit the shadow imp but do no damage.
The shadow imp is heavily wounded.
You feel sick. The shadow imp hits you.
* * * LOW HITPOINT WARNING * * *
You hit the shadow imp but do no damage.
The shadow imp is heavily wounded.
The shadow imp hits you.
* * * LOW HITPOINT WARNING * * *
You closely miss the shadow imp. Your kick misses the shadow imp.
The shadow imp is heavily wounded.
The shadow imp closely misses you.
You barely miss the shadow imp.
The shadow imp is heavily wounded.
The shadow imp lashes its tail.
The shadow imp gestures at you. Pain shoots through your body!
You die...

##########
#........#
#.######.#
#.######.# ##
#.....##.# #.##
#.###.##.####...###.
#.# #.....@5.....<..
#.######.####...####
#........# #.##
###.######## .#
#.....# # #.#[#.#
#.#.#.# #.#...##
#.##...##


You could see a shadow imp.

Vanquished Creatures
  An adder (D:2)
  An ooze (D:1)
  A dart slug (D:1)
  A leopard gecko (D:1)
  2 giant cockroaches (D:1)
  2 goblins (D:1)
  A hobgoblin (D:1)
  A kobold (D:1)
  A frilled lizard (D:1)
  A rat (D:1)
12 creatures vanquished.

Notes
Turn   | Place    | Note
-------+----------+-------------------------------------------
     0 | D:1      | tof the Demonspawn Monk began the quest for the Orb.
     0 | D:1      | Reached XP level 1. HP: 18/18 MP: 1/1
   204 | D:1      | Gained mutation: You have large cloven feet. [demonic ancestry]
   204 | D:1      | Reached XP level 2. HP: 24/24 MP: 2/2
   960 | D:1      | You fall through a shaft!
  1020 | D:2      | Reached XP level 3. HP: 14/29 MP: 3/3
  1027 | D:2      | Killed from afar by a shadow imp

Vault maps used:
D:1:      lemuel_arrival_room
D:2:      first_bread, minmay_pentomino_r2

Skill      XL: |  1  2 |
---------------+-------+-----
Stealth        | 2 |  2.2
Long Blades    | 3 |  3.2
Fighting       | |  3.2
Dodging        | |  2.9

Action                   || total
-------------------------++-------
Melee: Falchion          ||    24
       Dagger            ||    39
       Kick              ||     7
 Stab: Sleeping          ||     3
Armor: Robe              ||    10
Dodge: Dodged            ||    36
       Rpst.: Falchion   ||     6

Table legend:
 A = Spawn XP
 B = Non-spawn XP
 C = Spawn XP percentage of total XP
 D = Spawn monster count
 E = Non-spawn monster count
 F = Spawn count percentage of total count
 G = Total turns spent on level
                    A         B        C        D         E        F      G
               +---------+---------+-------+---------+---------+-------+---------
         Total |       0 |      42 |   0.0 |       0 |      12 |   0.0 |  1027
               +---------+---------+-------+---------+---------+-------+---------
           D:1 |       0 |      28 |   0.0 |       0 |      11 |   0.0 |   960
           D:2 |       0 |      14 |   0.0 |       0 |       1 |   0.0 |    67
               +---------+---------+-------+---------+---------+-------+---------
